 Dungeon Crawl Stone Soup version 0.27.1-1-g398f81649c (webtiles) character file.

Game seed: 7038399141873955527

56555 calewdscratch the Geomancer (level 14, 0/87 HPs)
             Began as a Gargoyle Earth Elementalist on Sept 7, 2021.
             Was a High Priest of Vehumet.
             Slain by pkoi's ghost (23 damage)
             ... on level 11 of the Dungeon on Sept 9, 2021.
             The game lasted 07:06:32 (34765 turns).

calewdscratch the Geomancer (GrEE)                 Turns: 34765, Time: 07:06:33

Health: 0/87       AC: 32    Str: 17    XL:     14   Next: 82%
Magic:  2/29       EV: 12    Int: 22    God:    Vehumet [*****.]
Gold:   1461       SH:  0    Dex: 10    Spells: 2/35 levels left

rFire    + . .     SeeInvis .   i - +5 dire flail (protect)
rCold    . . .     Faith    .   (shield currently unavailable)
rNeg     + . .     Spirit   .   C - +0 troll leather armour
rPois    ∞         Reflect  .   h - +0 helmet
rElec    +         Harm     .   j - +0 cloak
rCorr    .         Rampage  .   G - +0 pair of gloves
Will     +....                  x - +0 pair of boots
Stlth    ++........             (no amulet)
HPRegen  1.24/turn              p - +6 ring of strength
MPRegen  0.21/turn              S - ring of protection from fire

@: ice-armoured, under a protective aura, flying, studying Staves
A: sickness immunity, AC +10, big wings, negative energy resistance 1,
electricity resistance, torment resistance 1, petrification resistance
a: Renounce Religion


You were on level 11 of the Dungeon.
You worshipped Vehumet.
Vehumet was extremely pleased with you.
You visited 3 branches of the dungeon, and saw 18 of its levels.

You collected 1818 gold pieces.
You spent 357 gold pieces at shops.

Inventory:

Hand Weapons
 i - a +5 dire flail of protection (weapon)
 I - a +5 morningstar of venom
Missiles
 c - 362 stones
 s - 94 poisoned darts
 y - 13 curare-tipped darts
 P - 4 datura-tipped darts
Armour
 h - a +0 helmet (worn)
 j - a +0 cloak (worn)
 x - a +0 pair of boots (worn)
 B - a +2 robe of positive energy
 C - a +0 troll leather armour (worn)
 E - a +2 ring mail of willpower
 G - a +0 pair of gloves (worn)
 H - a +1 leather armour of fire resistance
Magical Staves
 N - a staff of cold
Jewellery
 p - a +6 ring of strength (left hand)
 q - a ring of positive energy
 u - a ring of see invisible
 A - a ring of ice
 S - a ring of protection from fire (right hand)
Wands
 d - a wand of digging (3)
 f - a wand of flame (29)
 r - a wand of mindburst (24)
 t - a wand of charming (7)
 O - a wand of acid (7)
Scrolls
 a - 4 scrolls of holy word
 e - 6 scrolls of immolation
 g - a scroll of teleportation
 l - 6 scrolls of identify
 n - 6 scrolls of magic mapping
 w - 2 scrolls of brand weapon
 F - a scroll of enchant armour
 V - 2 scrolls of blinking
Potions
 b - a potion of invisibility
 k - 2 potions of berserk rage
 m - 4 potions of curing
 v - 2 potions of lignification
 z - 5 potions of might
 D - 3 potions of brilliance
 M - a potion of cancellation
 R - 2 potions of haste
 U - 2 potions of heal wounds
Miscellaneous
 K - a phial of floods
 W - a box of beasts


   Skills:
 + Level 9.9 Fighting
 + Level 9.9 Maces & Flails
 - Level 5.0 Armour
 - Level 3.3 Dodging
 - Level 2.1 Stealth
 * Level 11.2 Spellcasting
 + Level 10.8 Conjurations
 - Level 3.0 Hexes
 - Level 3.0 Transmutations
 + Level 8.9 Fire Magic
 - Level 3.0 Ice Magic
 + Level 12.3 Earth Magic


You had 2 spell levels left.
You knew the following spells:

 Your Spells              Type           Power      Damage    Failure   Level
a - Sandblast             Erth           100%       2d20      1%          1
b - Stone Arrow           Conj/Erth      100%       3d13      1%          3
c - Conjure Flame         Conj/Fire      54%        6-21      1%          3
d - Foxfire               Conj/Fire      100%       2x1d9     1%          1
e - Lee's Rapid Deconstr  Erth           30%        3d17*     1%          5
f - Passwall              Tmut/Erth      38%        N/A       1%          2
g - Petrify               Tmut/Erth      46%        N/A       2%          4
h - Shock                 Conj/Air       100%       1d9       1%          1
i - Ozocubu's Armour      Ice            25%        N/A       5%          3
j - Iron Shot             Conj/Erth      29%        9d6       2%          6
k - Fulminant Prism       Conj/Hex       21%        3d13      1%          4

Your spell library contained the following spells:

 Spells                   Type           Power      Damage    Failure   Level
 Fireball                 Conj/Fire      27%        3d12      1%          5
 Freeze                   Ice            100%       1d11      1%          1
 Magic Dart               Conj           100%       1d8       1%          1
 Poisonous Vapours        Pois/Air       24%        N/A       2%          2
 Slow                     Hex            25%        N/A       2%          2
 Summon Small Mammal      Summ           48%        N/A       6%          1
 Call Imp                 Summ           12%        N/A       10%         2
 Ignite Poison            Fire/Tmut/Pois 29%        N/A       1%          3
 Inner Flame              Hex/Fire       38%        N/A       1%          3
 Mephitic Cloud           Conj/Pois/Air  28%        N/A       1%          3
 Iskenderun's Mystic Bla  Conj/Tloc      36%        2d9       1%          4
 Bolt of Magma            Conj/Fire/Erth 28%        4d13      1%          5
 Animate Armour           Summ/Erth      78%        N/A       4%          4
 Confusing Touch          Hex            25%        N/A       5%          3
 Summon Guardian Golem    Hex/Summ       19%        N/A       10%         3
 Yara's Violent Unravell  Hex/Tmut       12%        3d7       13%         5
 Call Canine Familiar     Summ           12%        N/A       19%         3
 Gell's Gravitas          Tloc           6%         N/A       19%         3
 Lesser Beckoning         Tloc           6%         N/A       19%         3
 Teleport Other           Tloc           12%        N/A       19%         3
 Vampiric Draining        Necr           6%         2d6       19%         3
 Conjure Ball Lightning   Conj/Air       18%        3x3d6     26%         6
 Blade Hands              Tmut           12%        N/A       45%         5
 Metabolic Englaciation   Hex/Ice        12%        N/A       45%         5
 Summon Forest            Summ/Tloc      6%         N/A       87%         5
 Simulacrum               Ice/Necr       9%         N/A       99%         6
 Dispersal                Tloc           6%         N/A       100%        6
 Disjunction              Tloc           6%         N/A       100%        8
 Statue Form              Tmut/Erth      Unusable   N/A       N/A         6

Dungeon Overview and Level Annotations

Branches:
Dungeon (11/15)            Temple (1/1) D:6            Lair (6/6) D:8
  Swamp (0/4) Lair:2        Snake (0/4) Lair:4        Slime (0/5) Lair:5
    Orc (0/2) D:9

Altars:
Ashenzari
Cheibriados
Dithmenos
Elyvilon
Fedhas
Gozag
Hepliaklqana
Kikubaaqudgha
Makhleb
Nemelex Xobeh
Okawaru
Qazlal
Ru
Sif Muna
Trog
Uskayaw
Vehumet
Wu Jian
Xom
Yredelemnul
Zin
The Shining One

Shops:
D:1 *   D:8 !

Annotations:
D:11 pkoi's ghost, journeyman TrMo


Innate Abilities, Weirdness & Mutations

You are immune to sickness and miasma.
Your stone body is resilient. (AC +10)
You are immune to poison.
Your large and strong wings let you fly.
You resist negative energy. (rN+)
You are resistant to electric shocks. (rElec)
You are resistant to unholy torment.
You are immune to petrification.


Message History

Pkoi's ghost hits you but does no damage.
The kobold demonologist gestures wildly while chanting.
The kobold brigand hits you with a +0 whip.
* * * LOW HITPOINT WARNING * * *
The kobold demonologist gestures wildly while chanting.
The hellwing hits your fulminant prism! The hellwing hits your fulminant prism.
Your fulminant prism detonates feebly.
Casting: Fulminant Prism (mildly dangerous; 1% risk of failure)
Confirm with . or Enter, or press ? or * to list all spells.
Aiming: Lee's Rapid Deconstruction (mildly dangerous; 1% risk of failure)
Press: ? - help, Dir - move target A stone wall.
The wall shatters!
The blast of rock fragments hits the orange demon!
The orange demon is moderately wounded.
The blast of rock fragments hits the kobold demonologist!!
You kill the kobold demonologist!
Vehumet accepts your kill.
You feel your power returning.
The hellwing disappears in a puff of smoke!
The orange demon disappears in a puff of smoke!
The smoke demon disappears in a puff of smoke!
The shadow imp disappears in a puff of smoke!
Pkoi's ghost hits you but does no damage.
The kobold brigand zaps a wand.
You resist with almost no effort.
Casting: Lee's Rapid Deconstruction (mildly dangerous; 1% risk of failure)
Confirm with . or Enter, or press ? or * to list all spells.
Aiming: Fulminant Prism (mildly dangerous; 1% risk of failure)
Press: ? - help, Dir - move target, f - kobold brigand
Aim: a kobold brigand, wielding a +0 short sword and quivering poisoned darts
Okay, then.
Casting: Fulminant Prism (mildly dangerous; 1% risk of failure)
Confirm with . or Enter, or press ? or * to list all spells.
Aiming: Stone Arrow (safe; 1% risk of failure)
Press: ? - help, Shift-Dir - straight line, f - pkoi's ghost
Aim: pkoi's ghost (moderately damaged, 69% to hit)
The stone arrow hits pkoi's ghost!
Pkoi's ghost is heavily damaged.
Pkoi's ghost hits you!!
You die...

.........#.....#......##.....#...
......####.....#.......#.....#..#
......#......###.......#.....#..#
#####.#......#.........#######..+
....#.#####'##...<..............#
...##...........................#
...#.............................
...#.............................
...#.........###@#######.........
####.#########>WK......#.........
.....#.........§.......#...#####.
.....#....3KK.)§.......#...# #.
.....#....KK#####......#...# #.
.....#.....##K⌠≈##.....#...# #.
####.#..)..#K....##....#...#####.
...#.#.....KK###..#....#.........
...#.#..#..K......######.........


You could see a kobold demonologist, a neqoxec (summoned), 4 kobold brigands and
pkoi's ghost.

Vanquished Creatures
  A dire elephant (Lair:6)
  The ghost of speeev33 the Cleaver, a journeyman HOFi of Okawaru (D:9)
  2 fire dragons (D:10)
  A boulder beetle (D:11)
  6 hydras
  Erolcha (D:9)
  2 centaur warriors (D:10)
  3 catoblepae
  Erica (D:7)
  A tengu warrior (D:10)
  Sonja (Lair:1)
  A swamp dragon (Lair:2)
  3 lindwurms (Lair:6)
  A deep elf zephyrmancer (D:10)
  Pikel (D:5)
  2 ugly things (D:10)
  An orc knight (D:10)
  2 cyclopes
  3 manticores
  2 spectral centaurs (D:9)
  4 elephants (Lair:3)
  3 black mambas
  3 centaur zombies
  A gargoyle (D:10)
  Joseph (D:8)
  A torpor snail (Lair:6)
  12 cane toads
  An efreet (D:10)
  4 rime drakes
  2 komodo dragons
  2 kobold demonologists (D:11)
  A troll (D:10)
  A hornet (Lair:3)
  6 polar bears
  23 blink frogs
  Prince Ribbit (D:8)
  2 dream sheep (Lair:5)
  Sigmund (D:3)
  A centaur simulacrum (D:9)
  2 wraiths
  2 vampires
  A shadow (D:10)
  59 yaks
  3 wyverns
  A human (shapeshifter) (D:10)
  4 basilisks
  Grum (D:7)
  2 steam dragons
  5 vampire mosquitoes
  Menkaure (D:7)
  2 wargs (D:8)
  Edmund (D:6)
  An acid dragon (D:10)
  15 water moccasins
  A naga (Lair:4)
  4 orc warriors
  A sky beast (D:6)
  A black bear (Lair:2)
  A necrophage (D:5)
  An ice beast (D:7)
  3 ogres
  14 wolves
  7 centaurs
  3 phantoms
  A lemure (D:6)
  9 kobold brigands
  16 bullfrogs
  A gnoll sergeant (D:10)
  3 scorpions
  A wyvern skeleton (D:7)
  2 water moccasin skeletons
  7 killer bees
  A howler monkey (D:10)
  2 electric eels (Lair:5)
  8 jellies
  5 orc priests
  2 bullfrog skeletons
  Jessica (D:2)
  2 centaur skeletons (D:4)
  A gnoll shaman (D:9)
  17 orc wizards
  5 iguanas
  A killer bee zombie (D:6)
  A howler monkey zombie (D:10)
  Robin (D:3)
  6 gnolls
  7 adders
  A white imp (D:5)
  2 ufetubi (D:4)
  An adder skeleton (D:4)
  4 dart slugs
  33 orcs
  3 bats
  4 endoplasms
  6 giant cockroaches
  7 hobgoblins
  5 jackals
  19 kobolds
  3 quokkas
  8 ball pythons
  3 frilled lizards (D:1)
  14 goblins
  6 rats
  2 butterflies (D:9)
463 creatures vanquished.

Vanquished Creatures (others)
  3 dream sheep (Lair:5)
  A phantom (D:9)
  A bush (Lair:6)
  5 foxfires
  13 fulminant prisms
  35 fungi
  73 plants
131 creatures vanquished.

Grand Total: 594 creatures vanquished

Notes
Turn   | Place    | Note
-------+----------+-------------------------------------------
     0 | D:1      | calewdscratch the Gargoyle Earth Elementalist began the
                  | quest for the Orb.
     0 | D:1      | Reached XP level 1. HP: 10/10 MP: 3/3
   247 | D:1      | Found Ujesiol's General Store.
   259 | D:1      | Reached XP level 2. HP: 11/15 MP: 0/5
   547 | D:1      | Reached skill level 1 in Conjurations
   549 | D:1      | Reached skill level 4 in Earth Magic
   662 | D:1      | Reached XP level 3. HP: 19/19 MP: 2/6
   899 | D:1      | Learned a level 3 spell: Stone Arrow
  1080 | D:1      | Found a faded altar of an unknown god.
  1654 | D:2      | Noticed Jessica
  1658 | D:2      | Killed Jessica
  1659 | D:2      | Reached XP level 4. HP: 15/24 MP: 4/8
  2532 | D:3      | Noticed Sigmund
  2720 | D:3      | Noticed Robin
  2943 | D:3      | Killed Robin
  3123 | D:3      | Reached XP level 5. HP: 22/28 MP: 6/9
  3294 | D:3      | Found a shimmering blue altar of Sif Muna.
  3294 | D:3      | Found an iron altar of Okawaru.
  3295 | D:3      | Found a shadowy altar of Dithmenos.
  3717 | D:4      | Found a broken altar of Ashenzari.
  3755 | D:4      | Reached skill level 5 in Earth Magic
  3840 | D:4      | Found a glowing drain.
  3888 | D:4      | Reached skill level 1 in Fire Magic
  3888 | D:4      | Reached XP level 6. HP: 24/32 MP: 8/10
  4738 | D:5      | Entered Level 5 of the Dungeon
  4747 | D:5      | Reached skill level 6 in Earth Magic
  4968 | D:5      | Noticed a necrophage
  4998 | D:5      | Killed a necrophage
  4999 | D:5      | Reached XP level 7. HP: 36/36 MP: 2/12
  5076 | D:5      | Learned a level 3 spell: Conjure Flame
  5078 | D:5      | Learned a level 1 spell: Foxfire
  5884 | D:5      | Reached skill level 1 in Maces & Flails
  6012 | D:5      | Reached skill level 1 in Fighting
  6012 | D:5      | Reached skill level 1 in Armour
  6304 | D:5      | Reached XP level 8. HP: 26/43 MP: 9/14
  6621 | D:5      | Found a blossoming altar of Fedhas.
  6958 | D:5      | Reached skill level 5 in Conjurations
  7431 | D:4      | Reached skill level 7 in Earth Magic
  7763 | D:3      | Killed Sigmund
  8106 | D:1      | Bought a +1 vorpal mace for 138 gold pieces
  8382 | D:6      | Found a staircase to the Ecumenical Temple.
  8393 | Temple   | Entered the Ecumenical Temple
  8712 | D:6      | Reached XP level 9. HP: 49/49 MP: 9/16
  8836 | D:6      | Noticed Edmund
  8842 | D:6      | Killed Edmund
  9011 | D:6      | Noticed Pikel
  9084 | D:5      | Killed Pikel
  9085 | D:5      | Reached skill level 5 in Spellcasting
 10861 | D:7      | Found a radiant altar of Vehumet.
 11011 | D:7      | Became a worshipper of Vehumet
 11499 | D:7      | Found a flagged portal.
 11503 | D:7      | Noticed Menkaure
 11605 | D:7      | Reached skill level 8 in Earth Magic
 11616 | D:7      | Reached XP level 10. HP: 53/57 MP: 12/18
 11684 | D:7      | Killed Menkaure
 12157 | D:8      | Noticed Erica
 12157 | D:8      | Noticed Joseph
 12157 | D:8      | Found Siuly's Distillery.
 12279 | D:8      | Noticed Grum
 12637 | D:7      | Killed Grum
 12738 | D:7      | Killed Erica
 12739 | D:7      | Reached skill level 5 in Maces & Flails
 12739 | D:7      | Reached skill level 5 in Fire Magic
 13220 | D:8      | Killed Joseph
 13221 | D:8      | Reached skill level 5 in Fighting
 13221 | D:8      | Reached skill level 5 in Armour
 13330 | D:8      | Learned a level 5 spell: Lee's Rapid Deconstruction
 13333 | D:8      | Learned a level 2 spell: Passwall
 13338 | D:8      | Learned a level 4 spell: Petrify
 13428 | D:8      | Found a staircase to the Lair.
 13460 | D:8      | Reached skill level 1 in Transmutations
 13897 | D:8      | Noticed Prince Ribbit
 13949 | D:8      | Killed Prince Ribbit
 14383 | D:7      | Reached XP level 11. HP: 16/64 MP: 2/20
 14894 | D:8      | Bought a potion of heal wounds for 75 gold pieces
 14908 | D:8      | Found a glowing golden altar of the Shining One.
 14981 | D:9      | Noticed speeev33's ghost (journeyman HOFi)
 14981 | D:9      | Found a transporter.
 15033 | D:9      | Reached skill level 1 in Hexes
 15068 | D:9      | Found a staircase to the Orcish Mines.
 15193 | D:8      | Reached * piety under Vehumet
 15193 | D:8      | Offered knowledge of Shock by Vehumet.
 15196 | D:8      | Learned a level 1 spell: Shock
 15286 | Lair:1   | Entered Level 1 of the Lair of Beasts
 15367 | Lair:1   | Reached skill level 9 in Earth Magic
 15512 | Lair:1   | Noticed Sonja
 15610 | Lair:1   | Reached skill level 1 in Ice Magic
 15705 | Lair:1   | Killed Sonja
 16391 | Lair:2   | Found a staircase to the Swamp.
 16391 | Lair:2   | Noticed a swamp dragon
 17059 | Lair:2   | Noticed a five-headed hydra
 17233 | Lair:2   | Killed a five-headed hydra
 17952 | Lair:2   | You fall into a shaft and drop 1 floor!
 17966 | Lair:3   | Reached XP level 12. HP: 71/71 MP: 9/22
 18081 | Lair:3   | Noticed a catoblepas
 18751 | Lair:3   | Reached skill level 10 in Earth Magic
 18878 | Lair:3   | Identified the +7 falchion of Ash {speed, rN++}
 18945 | Lair:3   | Noticed a six-headed hydra
 18953 | Lair:3   | Killed a six-headed hydra
 19209 | Lair:3   | Killed a catoblepas
 19554 | Lair:3   | Offered knowledge of Freeze by Vehumet.
 19659 | Lair:3   | Learned a level 3 spell: Ozocubu's Armour
 19817 | Lair:3   | Reached ** piety under Vehumet
 20798 | Lair:3   | Noticed a four-headed hydra
 20805 | Lair:3   | Killed a four-headed hydra
 21347 | Lair:4   | Reached XP level 13. HP: 66/78 MP: 21/25
 21876 | Lair:4   | Found a staircase to the Snake Pit.
 22034 | Lair:4   | Learned a level 6 spell: Iron Shot
 22084 | Lair:4   | Offered knowledge of Frozen Ramparts by Vehumet.
 22671 | Lair:5   | Reached skill level 11 in Earth Magic
 22843 | Lair:5   | Reached *** piety under Vehumet
 23317 | Lair:5   | Found a staircase to the Slime Pits.
 23840 | Lair:6   | Entered Level 6 of the Lair of Beasts
 24271 | Lair:6   | Offered knowledge of Dazzling Flash by Vehumet.
 26180 | Lair:6   | Reached **** piety under Vehumet
 26264 | Lair:6   | Noticed a dire elephant
 26315 | Lair:6   | Killed a dire elephant
 26316 | Lair:6   | Reached skill level 10 in Spellcasting
 26316 | Lair:6   | Reached skill level 10 in Conjurations
 26627 | Lair:6   | Offered knowledge of Fulminant Prism by Vehumet.
 26725 | Lair:6   | Gained mutation: Your large and strong wings let you fly.
                  | [Gargoyle growth]
 26725 | Lair:6   | Reached XP level 14. HP: 86/86 MP: 16/28
 27103 | Lair:6   | Found the +7 Spriggan's Knife {stab, EV+4 Stlth+}
 27113 | Lair:6   | Got Sif Muna's Volume of the Arsonist and Flight
 27131 | Lair:6   | Learned a level 4 spell: Fulminant Prism
 28348 | D:8      | Bought a potion of invisibility for 120 gold pieces
 28482 | D:1      | Bought a scroll of identify for 24 gold pieces
 28928 | D:9      | Found a transporter.
 29383 | D:9      | Noticed Erolcha
 29391 | D:9      | Killed Erolcha
 29609 | D:9      | Found a shimmering altar of Xom.
 30389 | D:9      | Killed speeev33's ghost
 30699 | D:10     | Entered Level 10 of the Dungeon
 30756 | D:10     | Identified the +1 leather armour "Oxuvat" {-Cast rF+ rC+++}
 31630 | D:10     | Reached skill level 12 in Earth Magic
 31665 | D:10     | Reached ***** piety under Vehumet
 31676 | D:10     | Offered knowledge of Fireball by Vehumet.
 32803 | D:10     | Got the Papyrus of Ice and the Compass
 33965 | D:11     | Found a runed translucent gate.
 33965 | D:11     | Found a runed translucent gate.
 33967 | D:11     | Found a runed translucent gate.
 33967 | D:11     | Noticed pkoi's ghost (journeyman TrMo)
 34765 | D:11     | Slain by pkoi's ghost

Illustrated notes

Levels and vault maps discovered:
D:1:      doesnt_arrival_eight_statues, layout_basic, serial_shops, shop,
          shapermc_ecumenical_altar_flowoftime
D:2:      layout_basic, uniq_jessica
D:3:      layout_loops_ring, gammafunk_temple_overflow_forgotten, uniq_sigmund,
          uniq_robin
D:4:      layout_basic, nicolae_ashenzari_panopticon, gup_sewer_entry_glass,
          grunt_tough_drop
D:5:      layout_basic, mainiacjoe_overflow_brackets, minmay_manual_mares
D:6:      layout_basic, minmay_temple_entry_gardened_gates, serial_corexii_hall,
          chequers_hall_statues_wall_a, corexii_hall_statues_i, uniq_pikel,
          uniq_edmund
D:7:      layout_rooms, fiery_altar_vehumet, enter_bailey_5, uniq_menkaure
D:8:      layout_cave_pools, mainiacjoe_overflow_six_doors_small,
          erik_lair_orcish_takeover, serial_shops, shop, uniq_erica,
          uniq_prince_ribbit1, uniq_joseph, uniq_grum
D:9:      layout_irregular_city, xom_butterflies, orc_0_dummy,
          gammafunk_ghost_mausoleum, uniq_erolcha
D:10:     minmay_the_grid_plus_closed [minmay_the_grid_eight,
          minmay_the_grid_slots, minmay_the_grid_gridbox,
          minmay_the_grid_dragon_b,
          minmay_the_grid_prize_four_corners_diamond_b], layout_loops_ring,
          wad_dig_loot
D:11:     layout_irregular_city, gammafunk_ghost_nasty_kobolds
Temple:   eino_narrow_crystal_temple
Lair:1:   layout_chaotic_city, chequers_serial_rivers_micro_c,
          grunt_megastairs_1, uniq_sonja
Lair:2:   layout_cave_pods, minmay_swamp_entry_reptiles, lemuel_fruit_tree,
          grunt_megastairs_3
Lair:3:   layout_regular_city, gauntlet_entry_generic,
          nicolae_volcano_entry_s_turn
Lair:4:   layout_cave_shapes, guppyfry_snake_entry_island, grunt_megastairs_2
Lair:5:   layout_roguey, nicolae_slime_entry_slimehenge, serial_bayou,
          serial_bayou_lake_a, serial_bayou_ford_a, serial_bayou_pond_e,
          serial_bayou_lagoon_b, infiniplex_staircase_pool, serial_bayou_shore_b
Lair:6:   hangedman_lair_in_review, layout_regular_city

Skill      XL: |  1  2  3  4  5  6  7  8  9 10 11 12 13 14 |
---------------+-------------------------------------------+-----
Conjurations   | 1 2 3 4 5 6 7 8 9 10 | 10.8
Earth Magic    | 4 5 6 7 8 9 10 11 12 | 12.3
Spellcasting   | 3 4 5 6 7 8 10 11 | 11.2
Fire Magic     | 1 2 3 4 5 6 8 |  8.9
Maces & Flails | 1 2 4 6 7 8 9 |  9.9
Fighting       | 1 2 4 5 6 7 9 |  9.9
Armour         | 1 2 4 5 |  5.0
Dodging        | 2 3 |  3.3
Transmutations | 1 3 |  3.0
Hexes          | 3 |  3.0
Ice Magic      | 3 |  3.0
Stealth        | |  2.1

Action                   |  1- 3 |  4- 6 |  7- 9 | 10-12 | 13-15 || total
-------------------------+-------+-------+-------+-------+-------++-------
Melee: Unarmed           |    13 |       |       |       |       ||    13
       Club              |     4 |       |       |       |       ||     4
       Whip              |    19 |       |       |       |       ||    19
       Mace              |    13 |    14 |    20 |       |       ||    47
       Flail             |       |    67 |    23 |       |       ||    90
       Dagger            |       |    20 |       |       |       ||    20
       Dire flail        |       |       |    60 |   215 |   209 ||   484
 Cast: Sandblast         |    29 |    37 |    39 |    96 |   126 ||   327
       Stone Arrow       |       |     8 |    57 |   145 |   193 ||   403
       Conjure Flame     |       |       |     1 |     3 |       ||     4
       Lee's Rapid Decon |       |       |       |    16 |    24 ||    40
       Foxfire           |       |       |       |     4 |     1 ||     5
       Passwall          |       |       |       |     2 |     1 ||     3
       Petrify           |       |       |       |     1 |     2 ||     3
       Iron Shot         |       |       |       |       |    32 ||    32
       Ozocubu's Armour  |       |       |       |       |    18 ||    18
       Fulminant Prism   |       |       |       |       |    13 ||    13
Evoke: Wand              |       |       |       |       |     1 ||     1
  Use: Scroll            |       |     3 |     4 |     9 |    10 ||    26
       Potion            |       |       |       |     6 |       ||     6
 Stab: Sleeping          |       |     5 |     1 |       |       ||     6
       Petrified         |       |       |       |       |     6 ||     6
Armor: Robe              |    21 |    46 |    49 |   231 |    95 ||   442
       Leather armour    |       |       |    22 |       |    90 ||   112
       Troll leather arm |       |       |       |       |    52 ||    52
Dodge: Dodged            |    37 |    78 |    87 |   249 |   242 ||   693
